 Dungeon Crawl Stone Soup version 0.30.1-4-g462c640d31 (webtiles) character file.

Game seed: 409235208132075911

6585 Kurtz the Severer (level 11, -13/64 HPs)
             Began as a Tengu Fighter on Sept 18, 2023.
             Was an Elder of Okawaru.
             Mangled by an orc warrior
             ... wielding a +0 glaive of venom
              (20 damage)
             ... on level 9 of the Dungeon.
             The game lasted 00:16:43 (10834 turns).

Kurtz the Severer (Tengu Fighter)                  Turns: 10834, Time: 00:16:44

Health: -13/64     AC:  8    Str: 18 (20) XL:     11   Next: 1%
Magic:  14/14      EV: 12    Int:  7 (10) God:    Okawaru [****..]
Gold:   473        SH:  4    Dex: 10 (13) Spells: 10/10 levels left

rFire   + . .        a - +0 war axe
rCold   + . .        c - +0 buckler
rNeg    . . .        G - +2 ring mail {rC+}
rPois   .            (helmet restricted)
rElec   .            z - scarf {shadows}
rCorr   .            (no gloves)
SInv    .            (boots unavailable)
Will    +....        H - amulet of regeneration Stlth
                     h - ring of willpower
HPRegen 1.10/turn    E - ring of protection from fire
MPRegen 0.14/turn

%: no passive effects
@: mighty, lethally poisoned (-13 -> -23), flying quickly and evasively, quick
A: beak, talons 3, nimble flight
a: Renounce Religion, Heroism, Finesse


You were on level 9 of the Dungeon.
You worshipped Okawaru.
Okawaru was greatly pleased with you.
You visited 2 branches of the dungeon, and saw 11 of its levels.

You collected 499 gold pieces.
You spent 26 gold pieces at shops.

Inventory:

Hand Weapons
 a - a +0 war axe (weapon)
 x - a +5 flail
 y - a +3 hand axe
Missiles
 F - 2 curare-tipped darts (quivered)
Armour
 c - a +0 buckler (worn)
 v - a +0 chain mail
 z - a scarf of shadows (worn)
 G - a +2 ring mail of cold resistance (worn)
Jewellery
 h - a ring of willpower (left hand)
 p - a ring of see invisible
 E - a ring of protection from fire (right hand)
 H - an amulet of regeneration (around neck)
 I - a +6 ring of strength
Wands
 b - a wand of mindburst (1)
 o - a wand of digging (3)
Scrolls
 i - a scroll of brand weapon {unknown}
 j - a scroll of enchant armour {unknown}
 k - 2 scrolls of teleportation {unknown}
 l - a scroll of fog {unknown}
 m - 5 scrolls of identify
 n - 2 scrolls of magic mapping {unknown}
 q - 3 scrolls of fear {unknown}
 u - 3 scrolls of immolation {unknown}
 B - 2 scrolls of amnesia {unknown}
 C - a scroll of vulnerability {unknown}
 D - a scroll of torment {unknown}
Potions
 d - a potion of might
 f - a potion of invisibility {unknown}
 r - a potion of resistance
 t - 2 potions of mutation {unknown}
 w - a potion of attraction {unknown}
 A - a potion of flight {unknown}


   Skills:
 * Level 6.1 Fighting
 * Level 15.3 Axes
 - Level 6.1 Armour
 * Level 1.0 Dodging
 * Level 3.2 Shields
 * Level 3.3 Invocations


You had 10 spell levels left.
You didn't know any spells.
Your spell library was empty.

Dungeon Overview and Level Annotations

Branches:
Dungeon (10/15)            Temple (1/1) D:5
   Lair: D:8-11         Orc: D:9-12

Altars:
Ashenzari
Cheibriados
Dithmenos
Elyvilon
Fedhas
Gozag
Hepliaklqana
Kikubaaqudgha
Makhleb
Nemelex Xobeh
Okawaru
Qazlal
Ru
Sif Muna
Trog
Vehumet
Xom
Yredelemnul
Zin
The Shining One

Shops:
D:4 *   D:6 *   D:8 (

Annotations:
D:7 exclusion: door
D:9 Prince Ribbit
Temple 2 transporters


Innate Abilities, Weirdness & Mutations

You have a beak for a mouth.
You have claws for feet.
Your magical nature lets you fly swiftly and evasively.


Message History

The orc warrior is heavily wounded.
* * * LOW HITPOINT WARNING * * *
You feel extremely sick. You block the orc warrior's attack.
You feel much better.
* * * LOW HITPOINT WARNING * * *
You feel extremely sick.
The orc warrior hits you with a +0 glaive of venom.
* * * LOW HITPOINT WARNING * * *
You are more poisoned.
You feel much better.
You feel extremely sick. The orc warrior closely misses you.
You hit the orc warrior but do no damage.
The orc warrior is heavily wounded.
* * * LOW HITPOINT WARNING * * *
You feel extremely sick.
The orc warrior hits you with a +0 glaive of venom!
* * * LOW HITPOINT WARNING * * *
You are more poisoned.
You feel much better.
You feel extremely sick. You block the orc warrior's attack.
You hit the orc warrior.
You claw the orc warrior, but do no damage.
The orc warrior is severely wounded.
You feel very sick.
You closely miss the orc warrior. You claw the orc warrior.
The orc warrior is severely wounded.
You feel very sick.
The orc warrior hits you with a +0 glaive of venom!
* * * LOW HITPOINT WARNING * * *
Unknown command.
It was a potion of degeneration.
There was something very wrong with that liquid.
You feel weakened.
You feel dopey.
You feel clumsy.
* * * LOW HITPOINT WARNING * * *
You feel very sick.
The orc warrior hits you with a +0 glaive of venom!!
You die...

#...##..........#...........# #..
#}#.<.....#.#######.........#####
#..............................##
#...####..♣♣♣♣.._..♣♣♣♣..####....
##.............................##
#####.######......#.############
#.######......#.# #
#..........)o...# #
###########@..######## #
#>.........# # #..........# #
#...../....# #..........#
##.........# ###########


You could see an orc warrior.

Vanquished Creatures
  A two-headed ogre (D:6)
  Joseph (D:8)
  2 wyverns (D:8)
  7 yaks
  A steam dragon (D:8)
  Menkaure (D:7)
  Edmund (D:5)
  Duvessa (D:7)
  3 orc warriors
  3 black bears
  An ice beast (D:7)
  A sky beast (D:7)
  An ogre (D:6)
  A centaur (D:8)
  A phantom (D:5)
  2 kobold brigands (D:8)
  5 bullfrogs
  2 gnoll sergeants
  A necrophage (D:4)
  6 scorpions
  7 wights
  Dowan (D:7)
  2 jellies
  2 electric eels
  9 howler monkeys
  A bullfrog zombie (D:4)
  4 gnoll boudas
  A human zombie (D:4)
  5 orc priests
  4 iguanas
  Natasha (thrice) (D:3)
  7 orc wizards
  3 scorpion zombies (D:4)
  A hound zombie (D:4)
  12 gnolls
  3 adders
  An adder zombie (D:4)
  2 worms
  29 orcs
  10 bats
  6 endoplasms
  2 giant cockroaches
  14 hobgoblins
  5 quokkas
  5 ball pythons
  4 frilled lizards
  8 goblins
  24 kobolds
  7 rats
224 creatures vanquished.

Notes
Turn   | Place    | Note
-------+----------+-------------------------------------------
     0 | D:1      | Kurtz the Tengu Fighter began the quest for the Orb.
     0 | D:1      | Reached XP level 1. HP: 14/14 MP: 2/2
   204 | D:1      | Reached XP level 2. HP: 19/19 MP: 3/3
   229 | D:1      | Reached skill level 3 in Axes
   413 | D:1      | You fall into a shaft and drop 1 floor!
   577 | D:2      | Reached XP level 3. HP: 11/23 MP: 4/4
   579 | D:2      | Reached skill level 4 in Axes
  1521 | D:3      | Reached XP level 4. HP: 28/28 MP: 5/5
  1644 | D:3      | Noticed Natasha
  1650 | D:3      | Killed Natasha
  1651 | D:3      | Reached skill level 5 in Axes
  1985 | D:3      | Noticed Natasha
  1991 | D:3      | Killed Natasha
  1992 | D:3      | Gained mutation: Your magical nature lets you fly swiftly
                  | and evasively. [Tengu growth]
  1992 | D:3      | Reached XP level 5. HP: 26/32 MP: 6/6
  2182 | D:3      | Noticed Natasha
  2192 | D:3      | Killed Natasha
  2193 | D:3      | Reached skill level 6 in Axes
  3151 | D:4      | Reached XP level 6. HP: 22/37 MP: 7/7
  3232 | D:4      | Reached skill level 7 in Axes
  3258 | D:4      | Found an opulent altar of Gozag.
  3297 | D:4      | Noticed a black bear
  3317 | D:4      | Killed a black bear
  3473 | D:4      | Found Ageoph's Assorted Antiques.
  3513 | D:5      | Entered Level 5 of the Dungeon
  3709 | D:5      | Reached skill level 8 in Axes
  3709 | D:5      | Reached XP level 7. HP: 39/41 MP: 8/8
  4383 | D:4      | Reached skill level 9 in Axes
  4602 | D:4      | Found an ancient bone altar of Kikubaaqudgha.
  4638 | D:4      | Reached XP level 8. HP: 38/46 MP: 9/9
  4685 | D:4      | Reached skill level 10 in Axes
  5097 | D:5      | Found a staircase to the Ecumenical Temple.
  5105 | D:5      | Noticed Edmund
  5109 | Temple   | Entered the Ecumenical Temple
  5110 | Temple   | Found a transporter.
  5110 | Temple   | Found a transporter.
  5112 | Temple   | Found a transporter.
  5112 | Temple   | Found a transporter.
  5139 | Temple   | Became a worshipper of Warmaster Okawaru
  5178 | D:5      | Killed Edmund
  5179 | D:5      | Reached skill level 11 in Axes
  5345 | D:5      | Found a hazy altar of Hepliaklqana.
  5884 | D:6      | Reached skill level 12 in Axes
  5917 | D:6      | Found a snail-covered altar of Cheibriados.
  6035 | D:6      | Reached XP level 9. HP: 41/50 MP: 10/10
  6036 | D:6      | Reached * piety under Okawaru
  6133 | D:6      | Found Sorchisug's General Store.
  6141 | D:6      | Bought a scroll of identify for 26 gold pieces
  6149 | D:6      | Noticed a two-headed ogre
  6203 | D:6      | Killed a two-headed ogre
  6204 | D:6      | Reached skill level 13 in Axes
  6204 | D:6      | Reached skill level 1 in Invocations
  6762 | D:7      | Noticed Duvessa
  6765 | D:7      | Noticed Dowan
  6776 | D:7      | Killed Duvessa
  6825 | D:7      | Killed Dowan
  6841 | D:7      | Noticed Menkaure
  6853 | D:7      | Killed Menkaure
  6980 | D:7      | Reached ** piety under Okawaru
  7116 | D:7      | Reached skill level 14 in Axes
  7381 | D:7      | Reached XP level 10. HP: 51/56 MP: 12/12
  7441 | D:8      | Found a shimmering altar of Xom.
  8191 | D:8      | Found a shimmering altar of Xom.
  8455 | D:8      | Found a broken altar of Ashenzari.
  8456 | D:8      | Found a blossoming altar of Fedhas.
  8470 | D:8      | Reached *** piety under Okawaru
  8574 | D:8      | Reached skill level 5 in Armour
  8660 | D:8      | Found Tuoskosh's Weapon Boutique.
  8698 | D:8      | Noticed Joseph
  8706 | D:8      | Killed Joseph
  8847 | D:8      | Found a shimmering altar of Xom.
  8848 | D:8      | Found a shimmering altar of Xom.
  8850 | D:8      | Found a shimmering altar of Xom.
  9219 | D:9      | Noticed Prince Ribbit
  9357 | D:8      | Reached skill level 15 in Axes
  9605 | D:8      | Reached skill level 5 in Fighting
  9865 | D:9      | Reached **** piety under Okawaru
 10011 | D:9      | Found a radiant altar of Vehumet.
 10114 | D:9      | Found a glowing golden altar of the Shining One.
 10692 | D:9      | Reached XP level 11. HP: 63/64 MP: 14/14
 10694 | D:9      | Reached skill level 1 in Dodging
 10708 | D:10     | Entered Level 10 of the Dungeon
 10827 | D:9      | HP: 3/64 [poisoned by an orc warrior]
 10834 | D:9      | Mangled by an orc warrior

Illustrated notes

Levels and vault maps discovered:
D:1:      erik_arrival_cave_to_civilisation [erik_arrival_cave_to_hall],
          layout_loops_ring, hex_medium, chequers_avenue, minmay_tall_x
D:2:      layout_basic, chequers_serial_rivers_room_a
D:3:      layout_basic, minmay_misc_feat_hallway, minmay_misc_feat_chi,
          skrybe_limestone_x, grunt_ministairs_13, st_stairs_6,
          serial_park_tiny_1, uniq_natasha
D:4:      layout_loops_ring, lemuel_mausoleum_altar_kikubaaqudgha,
          mainiacjoe_overflow_surrounded_room, serial_shops,
          nicolae_shop_tiny_waterfront
D:5:      layout_gridville, mainiacjoe_overflow_tiny_flanked,
          minmay_temple_entry_antechambers, uniq_edmund
D:6:      layout_loops_ring, lemuel_round_altar, serial_shops, shop
D:7:      layout_gridville, biasface_ghost_orc_armoury, uniq_duvessa,
          uniq_maggie, uniq_menkaure
D:8:      minmay_angry_zag, layout_basic, jmf_multi_god_temple, xom_redecorated,
          serial_shops, nicolae_shop_bloodbath_and_beyond, uniq_joseph
D:9:      kennysheep_seaside_town, layout_basic, mainiacjoe_overflow_boulevard,
          old_standard_altar, grunt_lair_entry_orc_guard_hut, dk_noncrumbling_4,
          serial_bayou_pond_b, hangedman_abyss_or_decor_passed,
          uniq_prince_ribbit1, uniq_harold
D:10:     layout_irregular_city, nicolae_take_the_stairs
Temple:   hellmonk_temple_divided_pantheon

Skill      XL: |  1  2  3  4  5  6  7  8  9 10 11 |
---------------+----------------------------------+-----
Axes           | 3 4 5 6 8 9 12 14 15 | 15.3
Invocations    | 1 3 |  3.3
Armour         | 4 6 |  6.1
Fighting       | 6 |  6.1
Dodging        | 1 |  1.0
Shields        | |  3.2

Action                     |  1- 3 |  4- 6 |  7- 9 | 10-12 || total
---------------------------+-------+-------+-------+-------++-------
  Melee: War axe           |    86 |   113 |    44 |    97 ||   340
         Peck              |     8 |    18 |    41 |    42 ||   109
         Kick              |     6 |    28 |    90 |    80 ||   204
         Flail             |       |       |    56 |   110 ||   166
         Hand axe          |       |       |   193 |    31 ||   224
         Unarmed           |       |       |     3 |       ||     3
  Throw: Dart              |       |       |     2 |     6 ||     8
 Invoke: Heroism           |       |       |       |     1 ||     1
  Evoke: Wand              |       |     1 |     7 |     9 ||    17
    Use: Potion            |       |       |     1 |     7 ||     8
 Armour: Scale mail        |    41 |    32 |     6 |       ||    79
         Chain mail        |       |       |    67 |    11 ||    78
         Ring mail         |       |       |       |    42 ||    42
         Steam dragon scal |       |       |       |    14 ||    14
  Dodge: Dodged            |    35 |    50 |    72 |   104 ||   261
  Block: Buckler           |    23 |    20 |    45 |    44 ||   132
